 Dungeon Crawl Stone Soup version 0.30-a0-743-gbfdf073431 (webtiles) character file.

Game seed: 14854963621297569343

343 Dittersdorf the Shield-Bearer (level 6, -3/40 HPs)
             Began as a Gargoyle Fighter on Feb 7, 2023.
             Killed from afar by Natasha (6 damage)
             ... with a magic dart
             ... on level 4 of the Dungeon.
             The game lasted 00:04:40 (3537 turns).

Dittersdorf the Shield-Bearer (Gargoyle Fighter)    Turns: 3537, Time: 00:04:41

Health: -3/40      AC: 12    Str: 22    XL:     6   Next: 57%
Magic:  6/6        EV:  9    Int:  8    God:
Gold:   111        SH:  5    Dex:  9    Spells: 5/5 levels left

rFire   . . .      SeeInvis .    f - +1 flail (heavy)
rCold   . . .      Faith    .    c - +1 buckler
rNeg    + . .      Spirit   .    b - +0 scale mail
rPois   ∞          Reflect  .    o - +0 helmet
rElec   +          Harm     .    (no cloak)
rCorr   .          Rampage  .    (no gloves)
Will    .....                    (no boots) Stlth
                                 (no amulet)
HPRegen 0.26/turn                (no ring)
MPRegen 0.10/turn                (no ring)

@: slowed, very slow
A: sickness immunity, AC +4, negative energy resistance 1, electricity
resistance, torment resistance 1, petrification resistance
a: no special abilities


You were on level 4 of the Dungeon.
You visited 1 branch of the dungeon, and saw 4 of its levels.

You collected 111 gold pieces.

Inventory:

Hand Weapons
 f - a +1 heavy flail (weapon)
Armour
 b - a +0 scale mail (worn)
 c - a +1 buckler (worn)
 o - a +0 helmet (worn)
Wands
 k - a wand of iceblast (6)
Scrolls
 g - a scroll of fog
 h - a scroll of poison {unknown}
 j - a scroll of silence {unknown}
 m - a scroll of blinking
 n - 2 scrolls of magic mapping
Potions
 a - 4 potions of brilliance {unknown}
 d - a potion of might
 e - a potion of flight
 i - 3 potions of haste {unknown}
 l - a potion of resistance
 s - a potion of mutation
 t - a potion of cancellation


   Skills:
 + Level 4.8 Fighting
 + Level 3.7 Maces & Flails
 + Level 4.8 Armour
 + Level 4.8 Shields


You had 5 spell levels left.
You didn't know any spells.
Your spell library contained the following spells:

 Spells                   Type           Power      Damage    Failure   Level
 Gell's Gravitas          Tloc           0%         N/A       99%         3
 Teleport Other           Tloc           0%         N/A       99%         3
 Dispersal                Tloc           0%         N/A       100%        6


Dungeon Overview and Level Annotations

Branches:
Dungeon (4/15)
 Temple: D:4-7

Altars:
Cheibriados
Hepliaklqana

Shops:
D:3 [

Annotations:
D:4 Natasha


Innate Abilities, Weirdness & Mutations

You are immune to sickness and miasma.
Your stone body is resilient. (AC +4)
You are immune to poison.
You resist negative energy. (rN+)
You are resistant to electric shocks. (rElec)
You are resistant to unholy torment.
You are immune to petrification.


Message History

Natasha closely misses you.
You miss Natasha. The crimson imp barely misses you.
Natasha closely misses you.
The crimson imp shouts, "Take thy face hence, thou jarring ill-nurtured maggot-pie!"
The crimson imp misses you. Natasha closely misses you. Natasha claws you.
The crimson imp hits you but does no damage.
You closely miss Natasha.
The crimson imp hits you but does no damage.
Natasha claws you but does no damage.
The crimson imp lashes its tail.
The crimson imp hits you but does no damage.
Natasha claws you. Natasha claws you but does no damage.
The crimson imp hits you but does no damage.
You closely miss Natasha.
The crimson imp disappears in a puff of smoke! x2
Natasha claws you but does no damage. Natasha completely misses you.
You closely miss Natasha.
Natasha zaps a wand.
The bolt of light hits you!
* * * LOW HITPOINT WARNING * * *
Natasha wildly gestures.
You feel troubled. You block Natasha's attack.
Natasha stares at you and mumbles some strange words.
The magic dart hits you!
* * * LOW HITPOINT WARNING * * *
You sock Natasha!
Natasha is heavily wounded.
Natasha barely misses you. You block Natasha's attack. x2
You closely miss Natasha.
Natasha is heavily wounded.
Natasha barely misses you.
Natasha zaps a wand.
The bolt of light misses you.
Natasha stares at you and mumbles some strange words.
You resist with some effort.
You barely miss Natasha.
Natasha is heavily wounded.
Natasha claws you but does no damage.
Natasha mewls in sadness.
Natasha claws you but does no damage.
Natasha stares at you and mumbles some strange words.
The magic dart hits you.
You die...

**,* ###.####.##
*******#.######......#.##
*,,,,,,..................
*********,**,,,............#.....
,,,,,,,,,,,,,**#.######.#........
*********,**** #.######.#........
* *,* #.#.....#..#...... * *,*
#h#.####.####..... * *,* #@#.#
#.# #..... ******* *,*
####.#.####.# #.#.#.
,,,,,,***,###...........# #.#.#.
,,,,,,,,,......<...###..####.#<..
*****,***.###.####.# #...........
* *,,,,,* #.***#.#*############ *
*,,**** #............#######.
*****,,* ######.########......
,,,,*,,* #.# ###........


You could see Natasha.

Vanquished Creatures
  A black bear (D:4)
  A hound (D:3)
  An orc priest (D:3)
  An iguana (D:4)
  Natasha (twice) (D:4)
  4 adders
  3 worms
  A dart slug (D:2)
  5 orcs
  4 ball pythons
  11 endoplasms
  2 giant cockroaches
  10 goblins
  2 hobgoblins
  3 jackals (D:4)
  3 kobolds
  4 quokkas
  8 bats
  4 frilled lizards
  2 rats
72 creatures vanquished.

Vanquished Creatures (others)
  2 plants (D:3)
2 creatures vanquished.

Grand Total: 74 creatures vanquished

Notes
Turn   | Place    | Note
-------+----------+-------------------------------------------
     0 | D:1      | Dittersdorf the Gargoyle Fighter began the quest for the
                  | Orb.
     0 | D:1      | Reached XP level 1. HP: 14/14 MP: 1/1
   353 | D:1      | Found a faded altar of an unknown god.
   396 | D:1      | Reached XP level 2. HP: 11/19 MP: 2/2
   789 | D:1      | Reached XP level 3. HP: 23/23 MP: 3/3
  1916 | D:3      | Reached XP level 4. HP: 29/29 MP: 4/4
  2239 | D:3      | Found Naadurgh's Armour Emporium.
  2399 | D:3      | Found a hazy altar of Hepliaklqana.
  2405 | D:3      | Reached XP level 5. HP: 33/33 MP: 5/5
  2958 | D:4      | Noticed a black bear
  2964 | D:4      | Killed a black bear
  2965 | D:4      | Reached XP level 6. HP: 19/39 MP: 6/6
  3132 | D:4      | Found a snail-covered altar of Cheibriados.
  3305 | D:4      | Noticed Natasha
  3314 | D:4      | Killed Natasha
  3448 | D:4      | Noticed Natasha
  3455 | D:4      | Killed Natasha
  3519 | D:4      | Noticed Natasha
  3534 | D:4      | HP: 1/40 [Natasha/magic dart (10)]
  3537 | D:4      | Killed from afar by Natasha

Illustrated notes

Levels and vault maps discovered:
D:1:      nagdon_arrival_double_spiral, layout_basic, basic_ecumenical_altar,
          chequers_serial_rivers_large_b, kennysheep_pointless_box
D:2:      layout_loops_ring
D:3:      layout_loops_ring, nicolae_hepliaklqana_hazy_memory, serial_shops,
          nicolae_shop_trees
D:4:      kennysheep_spiral_hall, layout_loops_ring, slow_altar_1,
          lemuel_crystal_altar, uniq_natasha

Skill      XL: |  1  2  3  4 |
---------------+-------------+-----
Armour         | 4 |  4.8
Fighting       | 4 |  4.8
Shields        | 4 |  4.8
Maces & Flails | 3 |  3.7

Action                     |  1- 3 |  4- 6 || total
---------------------------+-------+-------++-------
  Melee: Flail             |   139 |   168 ||   307
    Use: Scroll            |       |    13 ||    13
 Armour: Scale mail        |    60 |   139 ||   199
  Dodge: Dodged            |    79 |    82 ||   161
  Block: Buckler           |    29 |    52 ||    81

Table legend: (Time is in decaauts)
 A = Elapsed time spent in this place.
 B = Non-inter-level travel time spent in this place.
 C = Inter-level travel time spent in this place.
 D = Time resting spent in this place.
 E = Time spent auto-exploring this place.
 F = Levels seen in this place.
 G = Mean time per level.
                   A        B        C        D        E       F      G
               +--------+--------+--------+--------+--------+-----+--------+
         Total |   3714 |   3615 |     99 |    386 |   2459 |   4 |  928.5 |
       Dungeon |   3714 |   3615 |     99 |    386 |   2459 |   4 |  928.5 |
               +--------+--------+--------+--------+--------+-----+--------+

Top non-repeatable levels by time:
     D:1: 1184 daAuts
     D:4: 941 daAuts
     D:3: 873 daAuts
     D:2: 715 daAuts
